 Dungeon Crawl Stone Soup version 0.21.1-1-g345015fe64 (webtiles) character file.

73969 maxonian the Warrior (level 15, -7/103 HPs)
             Began as a Kobold Berserker on Feb 16, 2018.
             Was a Believer of Trog.
             Mangled by a white ugly thing (13 damage)
             ... on level 14 of the Dungeon.
             The game lasted 01:55:33 (29785 turns).

maxonian the Warrior (Kobold Berserker)            Turns: 29785, Time: 01:55:34

Health: -7/103     AC: 17    Str: 16      XL:     15   Next: 92%
Magic:  18/18      EV: 20    Int: 14 (15) God:    Trog [**....]
Gold:   1832       SH: 11    Dex: 19      Spells: 14/14 levels left

rFire    . . .     SeeInvis +   b - +3 scimitar (flame)
rCold    . . .     Gourm    .   J - +0 shield
rNeg     . . .     Faith    .   u - +5 ring mail "Ziosk" {rElec}
rPois    .         Spirit   .   (helmet restricted)
rElec    +         Reflect  .   O - +0 cloak "Sojo" {Dex+4}
rCorr    .         Harm     .   g - +0 pair of gloves
MR       ++...                  v - +2 pair of boots
Stlth    ++........             (no amulet)
HPRegen  0.27/turn              X - ring of protection from magic
MPRegen  0.16/turn              Z - ring of see invisible

@: about to teleport, slowed, very slow
A: small, beak, carnivore, clever 1
a: Berserk, Trog's Hand, Burn Spellbooks, Renounce Religion


You were on level 14 of the Dungeon.
You worshipped Trog.
Trog was pleased with you.
You were very full.

You visited 3 branches of the dungeon, and saw 21 of its levels.
You visited the Abyss 2 times.
You also visited: Ice Cave.

You collected 1912 gold pieces.
You spent 80 gold pieces at shops.

Inventory:

Hand Weapons
 a - a +0 hand crossbow
   (You found it on level 11 of the Dungeon)
 b - a +3 scimitar of flaming (weapon)
   (You took it off an efreet on level 2 of the Abyss)
 l - a +5 quick blade of piercing
   (You acquired it on level 14 of the Dungeon)
 F - a +5 blowgun
   (You took it off Sonja on level 2 of the Lair of Beasts)
 Q - a +2 short sword of electrocution
   (You found it on level 6 of the Dungeon)
Missiles
 n - a throwing net (quivered)
 L - 320 bolts
 U - 3 needles of sleeping
Armour
 g - a +0 pair of gloves (worn)
   (You found it on level 2 of the Lair of Beasts)
 k - a +2 helmet
   (You found it on level 2 of the Lair of Beasts)
 r - a +1 chain mail of magic resistance
   (You found it on level 2 of the Dungeon)
 u - the +5 ring mail "Ziosk" (worn) {rElec}
   (You found it in an ice cave)

   It insulates you from electricity.
 v - a +2 pair of boots (worn)
   (You found it on level 2 of the Dungeon)
 G - a +2 leather armour of cold resistance
   (You took it off an orc on level 4 of the Dungeon)
 J - a +0 shield (worn)
   (You took it off an orc on level 4 of the Dungeon)
 O - the +0 cloak "Sojo" (worn) {Dex+4}
   (You found it on level 12 of the Dungeon)

   It affects your dexterity (+4).
 V - a +2 ring mail of fire resistance
   (You found it on level 7 of the Dungeon)
Jewellery
 t - an uncursed ring of resist corrosion
   (You found it on level 2 of the Dungeon)
 z - an uncursed ring of poison resistance
   (You found it on level 4 of the Dungeon)
 I - an uncursed ring of positive energy
   (You took it off an orc on level 4 of the Dungeon)
 X - a ring of protection from magic (left hand)
   (You found it on level 1 of the Lair of Beasts)
 Z - a ring of see invisible (right hand)
   (You found it on level 10 of the Dungeon)
Wands
 o - a wand of enslavement (18)
   (You found it on level 6 of the Lair of Beasts)
 B - a wand of digging (17)
   (You found it on level 2 of the Abyss)
 K - a wand of disintegration (28)
   (You found it on level 4 of the Dungeon)
 M - a wand of iceblast (11)
   (You took it off Maurice on level 8 of the Dungeon)
 P - a wand of acid (3)
   (You found it on level 5 of the Dungeon)
 R - a wand of paralysis (22)
   (You found it on level 6 of the Dungeon)
Scrolls
 e - 3 scrolls of enchant weapon
 f - 2 scrolls of teleportation
 m - 12 scrolls of remove curse
 p - 4 scrolls of identify
 q - 4 scrolls of magic mapping
 y - a scroll of amnesia
 A - 3 scrolls of enchant armour
 C - a scroll of torment {unknown}
 D - a scroll of immolation
 T - 5 scrolls of fog
Potions
 d - 2 potions of might
 h - 2 potions of lignification
 i - 16 potions of curing
 j - a potion of berserk rage
 s - a potion of brilliance
 x - 4 potions of agility
 E - a potion of magic
 N - 5 potions of cancellation
 S - 2 potions of haste
 W - 4 potions of mutation
Miscellaneous
 H - a lightning rod (4/4)
   (You found it on level 12 of the Dungeon)
 Y - a phial of floods
   (You found it on level 4 of the Lair of Beasts)
Comestibles
 c - 29 rations


   Skills:
 - Level 15.0 Fighting
 - Level 12.8(15.4) Short Blades
 * Level 10.0(11.2) Long Blades
 - Level 10.0 Crossbows
 - Level 8.1 Armour
 - Level 11.0 Dodging
 - Level 2.4 Stealth
 - Level 6.5 Shields
 - Level 5.2 Evocations


You had 14 spell levels left.
You didn't know any spells.

Dungeon Overview and Level Annotations

Branches:
Dungeon (14/15)            Temple (1/1) D:7            Lair (6/6) D:11
 Shoals (0/4) Lair:4       Spider (0/4) Lair:3        Slime (0/5) Lair:5
    Orc (0/2) D:9          Vaults (0/5) D:14

Altars:
Ashenzari
Cheibriados
Dithmenos
Elyvilon
Fedhas
Gozag
Hepliaklqana
Kikubaaqudgha
Makhleb
Nemelex Xobeh
Okawaru
Qazlal
Ru
Sif Muna
Trog
Uskayaw
Vehumet
Wu Jian
Xom
Yredelemnul
Zin
The Shining One
Jiyva

Shops:
D:5 :   D:8 %   D:9 *   D:11 ?   D:13 *

Annotations:
D:6 Prince Ribbit


Innate Abilities, Weirdness & Mutations

You are small and have problems with some larger weapons.
You are carnivorous and can eat meat at any time.
You have a beak for a mouth.
Your mind is acute. (Int +2)


Message History

The shadow wraith is severely damaged.
The shadow wraith hits you!! The shadow wraith drains your vigour!
You feel as though you will be slow longer.
Unknown command.
You slash the shadow wraith! You burn the shadow wraith.
You peck the shadow wraith, but do no damage.
The shadow wraith is almost destroyed.
The shadow wraith barely misses you.
You riposte.
You hit the shadow wraith. You burn the shadow wraith.
You destroy the shadow wraith!
Trog accepts your kill.
Your base Long Blades skill increases to level 10!
The white ugly thing barely misses you.
You riposte.
You hit the white ugly thing. You burn the white ugly thing.
You peck the white ugly thing.
The white ugly thing is heavily wounded.
You hit the white ugly thing but do no damage.
Your peck misses the white ugly thing.
The white ugly thing is heavily wounded.
You block the white ugly thing's attack.
Unknown command.
You slash the white ugly thing! You burn the white ugly thing.
The white ugly thing is severely wounded.
The white ugly thing gores you. The white ugly thing freezes you!!
* * * LOW HITPOINT WARNING * * *
Unknown command.
The centaur warrior shouts!
You slash the white ugly thing! You burn the white ugly thing.
You peck the white ugly thing.
The white ugly thing is almost dead.
You feel the effects of Trog's Hand fading.
The white ugly thing misses you. The white ugly thing gores you.
* * * LOW HITPOINT WARNING * * *
The white ugly thing freezes you!
* * * LOW HITPOINT WARNING * * *
Unknown command.
The white ugly thing gores you but does no damage.
You see here a cursed amulet of inaccuracy.
Unknown command.
Okay, then.
As you read the scroll of teleportation, it crumbles to dust.
You feel strangely unstable.
Your skin stops crawling.
You feel less resistant to hostile enchantments.
The white ugly thing gores you.
* * * LOW HITPOINT WARNING * * *
The white ugly thing freezes you!!
* * * LOW HITPOINT WARNING * * *
You block the vault guard's attack. The white ugly thing gores you!
You die...

.##.....#.#.#.#(##
.##.....##.#?#.#.#
..).....#.#.#.#.##
........##)#.#.#.#
........#.#.#.#)##
..#.....##.#.#.#.##
........#########p#
..#......# ##u#
.........# #@.#
##.......## #.##
###.......## #.#
###........#####.#
##...............#
##..........######
.#..........#
.#..........#
.#..........#


You could see a vault guard and a white ugly thing.

Vanquished Creatures
  4 tentacled starspawn (Abyss:2)
  A fire dragon (D:14)
  Josephine (D:11)
  6 hydras
  2 catoblepae
  A rakshasa (D:13)
  The ghost of keat06 the Basher, a journeyman FoFi of the Shining One (D:9)
  4 two-headed ogres
  6 death yaks
  A deep troll shaman (Lair:6)
  2 tengu warriors
  A soul eater (Abyss:2)
  A thrashing horror (Abyss:2)
  Sonja (Lair:2)
  4 wretched stars (Abyss:2)
  An unseen horror (Abyss:2)
  2 shadow wraiths
  A wizard (D:13)
  A phantasmal warrior (Abyss:2)
  A necromancer (IceCv)
  A wolf spider (Lair:3)
  An orc knight (D:14)
  A deep elf mage (D:14)
  2 wolf spider zombies
  A manticore (Lair:6)
  4 ugly things
  2 cyclopes
  3 black mambas (Lair:4)
  A frost giant skeleton (Abyss:2)
  A worldbinder (Abyss:2)
  4 elephants (Lair:6)
  The ghost of ACAB the Skirmisher, a novice MiBe of Trog (D:4)
  Joseph (D:8)
  A guardian serpent (shapeshifter) (D:13)
  A smoke demon (Abyss:2)
  2 ice statues (IceCv)
  Maurice (D:8)
  7 spiny frogs
  3 rime drakes
  The ghost of malin the Spear-Bearer, a novice MfGl (D:5)
  A tengu conjurer (D:14)
  A tormentor (Abyss:2)
  6 ice devils (IceCv)
  3 efreet (Abyss:2)
  5 komodo dragons
  4 ancient zymes (Abyss:2)
  A troll (D:13)
  2 jumping spiders (Lair:3)
  2 polar bears
  8 hippogriffs
  10 blink frogs
  3 raiju
  5 slime creatures
  Grinder (D:6)
  4 dream sheep (Lair:4)
  5 large abominations (Abyss:2)
  A redback (Lair:3)
  A spriggan (D:7)
  Sigmund (D:5)
  29 yaks
  2 vampires
  5 wraiths (D:11)
  2 basilisks
  The ghost of ajx the Cudgeler, an amateur HOFi (D:3)
  A chaos spawn (Abyss:2)
  3 neqoxecs (Abyss:2)
  Grum (D:8)
  Menkaure (D:5)
  A soldier ant (D:13)
  A soldier ant (shapeshifter) (D:14)
  2 hell hounds (D:11)
  A spiny frog zombie (Abyss:2)
  7 porcupines
  11 ice beasts
  11 water moccasins
  2 black bears (Lair:6)
  4 starcursed masses (Abyss:2)
  3 phantoms
  3 sky beasts
  An eye of draining (D:14)
  4 necrophages
  3 orc warriors
  A centaur (D:11)
  3 ogres
  14 wolves
  9 crocodiles
  A big kobold (D:7)
  11 bullfrogs
  5 scorpions
  7 wights
  4 jellies
  3 howler monkeys (D:13)
  6 crimson imps
  A centaur zombie (D:10)
  2 draconian simulacra (IceCv)
  A quasit (D:7)
  2 iron imps (Abyss:2)
  3 centaur skeletons
  6 hounds
  8 orc wizards
  4 orc priests
  3 bullfrog skeletons
  4 iguanas
  2 hell rats (Lair:5)
  9 worker ants
  Natasha (thrice) (D:4)
  2 troll simulacra (IceCv)
  2 spriggan simulacra (IceCv)
  9 small abominations (Abyss:2)
  2 hound skeletons
  A worker ant zombie (D:4)
  Robin (D:2)
  A gnoll (D:4)
  3 naga simulacra (IceCv)
  12 adders
  An ogre simulacrum (IceCv)
  7 river rats (Lair:5)
  4 shadow imps
  A white imp (Abyss:2)
  2 ufetubi (Abyss:2)
  4 oozes
  2 adder skeletons
  4 worms
  2 dart slugs (D:2)
  4 leopard geckos
  48 orcs
  4 bats
  5 giant cockroaches
  8 goblins
  13 hobgoblins
  9 jackals
  5 frilled lizards
  A giant cockroach zombie (D:4)
  A jackal skeleton (D:4)
  14 kobolds
  A leopard gecko skeleton (D:4)
  10 rats
  2 starspawn tentacles (Abyss:2)
541 creatures vanquished.

Vanquished Creatures (collateral kills)
  A yak (Lair:2)
1 creature vanquished.

Vanquished Creatures (others)
  A raiju (Abyss:2)
  An ufetubus (Abyss:2)
  An orc (D:14)
  2 plants
  15 starspawn tentacles (Abyss:2)
20 creatures vanquished.

Grand Total: 562 creatures vanquished

Notes
Turn   | Place    | Note
-------+----------+-------------------------------------------
     0 | D:1      | maxonian the Kobold Berserker began the quest for the Orb.
     0 | D:1      | Reached XP level 1. HP: 14/14 MP: 1/1
   135 | D:1      | Reached XP level 2. HP: 16/19 MP: 2/2
   274 | D:1      | Reached skill level 1 in Stealth
   587 | D:2      | Reached XP level 3. HP: 23/23 MP: 3/3
   646 | D:2      | Noticed Robin
   656 | D:2      | Killed Robin
   659 | D:2      | Reached ** piety under Trog
   659 | D:2      | Reached XP level 4. HP: 20/29 MP: 4/4
   966 | D:2      | Found a shattered altar of Ashenzari.
  1894 | D:3      | Reached XP level 5. HP: 30/33 MP: 5/5
  1931 | D:3      | Reached skill level 4 in Fighting
  1989 | D:3      | Noticed ajx's ghost (amateur HOFi)
  2041 | D:3      | Killed ajx's ghost
  2041 | D:3      | Reached skill level 5 in Short Blades
  2041 | D:3      | Reached XP level 6. HP: 39/39 MP: 6/6
  3119 | D:4      | Noticed Natasha
  3129 | D:4      | Killed Natasha
  3138 | D:4      | Noticed Natasha
  3150 | D:4      | Killed Natasha
  3150 | D:4      | Reached XP level 7. HP: 42/44 MP: 7/7
  3153 | D:4      | Noticed Natasha
  3170 | D:4      | Killed Natasha
  3398 | D:4      | Reached skill level 5 in Fighting
  3511 | D:4      | Noticed ACAB's ghost (novice MiBe)
  3603 | D:4      | Killed ACAB's ghost
  3603 | D:4      | Reached skill level 5 in Dodging
  3603 | D:4      | Reached XP level 8. HP: 50/50 MP: 8/8
  3961 | D:4      | Found an ornate altar of the Wu Jian Council.
  3992 | D:4      | Found a transporter.
  4001 | D:4      | Found a transporter.
  4388 | D:4      | Reached *** piety under Trog
  4393 | D:4      | Reached skill level 6 in Fighting
  4451 | D:5      | Entered Level 5 of the Dungeon
  4537 | D:5      | Noticed malin's ghost (novice MfGl)
  4615 | D:5      | Killed malin's ghost
  4769 | D:5      | Found Isikhloe's Book Shoppe.
  4922 | D:5      | Reached XP level 9. HP: 56/56 MP: 9/9
  4940 | D:5      | Found a basalt altar of Yredelemnul.
  4975 | D:5      | Noticed Menkaure
  4982 | D:5      | Killed Menkaure
  5175 | D:5      | Noticed Sigmund
  5183 | D:5      | Killed Sigmund
  5183 | D:5      | Reached skill level 7 in Fighting
  5423 | D:6      | Reached skill level 5 in Armour
  5611 | D:6      | Noticed Grinder
  5618 | D:6      | Killed Grinder
  5811 | D:6      | Noticed Prince Ribbit
  5975 | D:6      | Found a burning altar of Makhleb.
  6675 | D:7      | Found a staircase to the Ecumenical Temple.
  6675 | D:7      | Noticed a hippogriff
  6703 | D:7      | Killed a hippogriff
  6804 | D:7      | Reached XP level 10. HP: 64/64 MP: 10/10
  6901 | D:7      | Reached skill level 8 in Fighting
  7484 | Temple   | Entered the Ecumenical Temple
  7655 | D:8      | Noticed a two-headed ogre
  7842 | D:8      | Killed a two-headed ogre
  7842 | D:8      | Reached skill level 10 in Short Blades
  7947 | D:8      | Found a radiant altar of Vehumet.
  7978 | D:8      | Noticed Maurice
  7994 | D:8      | Killed Maurice
  7994 | D:8      | Reached skill level 9 in Fighting
  7994 | D:8      | Reached skill level 1 in Shields
  8054 | D:8      | Found Hawapin's Food Shoppe.
  8140 | D:8      | Found a sacrificial altar of Ru.
  8190 | D:8      | Noticed Joseph
  8194 | D:8      | Found a hazy altar of Hepliaklqana.
  8218 | D:8      | Killed Joseph
  8431 | D:8      | Noticed Grum
  8494 | D:8      | Killed Grum
  8595 | D:8      | Found a shadowy altar of Dithmenos.
  8694 | D:8      | Found a hide-covered altar of Uskayaw.
  8759 | D:8      | Reached XP level 11. HP: 72/72 MP: 11/11
  8862 | D:8      | Reached **** piety under Trog
  8880 | D:8      | Found a glowing silver altar of Zin.
  8922 | D:9      | Found a staircase to the Orcish Mines.
  8985 | D:9      | Noticed a two-headed ogre
  8998 | D:9      | Killed a two-headed ogre
  8998 | D:9      | Reached skill level 10 in Fighting
  9237 | D:9      | Noticed keat06's ghost (journeyman FoFi)
  9299 | D:9      | Killed keat06's ghost
  9356 | D:9      | Found a snail-covered altar of Cheibriados.
  9428 | D:9      | Found Wamupryi's Changing Room.
  9517 | D:9      | Found a sparkling altar of Nemelex Xobeh.
  9625 | D:10     | Entered Level 10 of the Dungeon
  9650 | D:10     | Noticed a two-headed ogre
  9673 | D:10     | Killed a two-headed ogre
  9673 | D:10     | Reached skill level 5 in Shields
  9868 | D:10     | Reached skill level 11 in Fighting
 10370 | D:11     | Found a staircase to the Lair.
 10509 | D:11     | Identified the ring of the Scarab {+Fly Dex+3 Slay-4 SInv} (You found it on level 11 of the Dungeon)
 10550 | D:11     | Noticed a red ugly thing
 10566 | D:11     | Killed a red ugly thing
 10670 | D:11     | Reached skill level 1 in Evocations
 10722 | D:11     | Noticed a two-headed ogre
 10747 | D:11     | Killed a two-headed ogre
 10935 | D:11     | Reached ***** piety under Trog
 11019 | D:11     | Reached skill level 5 in Evocations
 11277 | D:11     | Noticed Josephine
 11298 | D:11     | Killed Josephine
 11298 | D:11     | Reached XP level 12. HP: 80/80 MP: 15/15
 11664 | D:11     | Found Plog's Magic Scroll Emporium.
 11683 | D:11     | Reached skill level 12 in Fighting
 11716 | D:11     | Bought a scroll of teleportation for 48 gold pieces
 11716 | D:11     | Bought a scroll of fog for 32 gold pieces
 11875 | Lair:1   | Entered Level 1 of the Lair of Beasts
 12170 | Lair:1   | Noticed a four-headed hydra
 12202 | Lair:1   | Killed a four-headed hydra
 13271 | Lair:2   | Found a frozen archway.
 13282 | Lair:2   | Received a gift from Trog
 13292 | Lair:2   | Reached skill level 13 in Fighting
 13338 | IceCv    | Entered an ice cave
 13826 | IceCv    | Found the +7 lajatang of Order {silver, rMut}
 13838 | IceCv    | Got a slimy ring mail
 14191 | Lair:2   | Identified the +5 ring mail "Ziosk" {rElec} (You found it in an ice cave)
 14253 | Lair:2   | Reached skill level 14 in Fighting
 14283 | Lair:2   | Reached skill level 1 in Crossbows
 14458 | Lair:2   | Reached XP level 13. HP: 87/90 MP: 16/16
 14746 | Lair:2   | Noticed Sonja
 14769 | Lair:2   | Reached skill level 5 in Crossbows
 15190 | Lair:2   | Killed Sonja
 16028 | Lair:3   | Found a hole to the Spider Nest.
 16252 | Lair:3   | Got a scorched hand axe
 16394 | Lair:3   | Identified the +3 hand axe of Heref {drain, rPois Dex+3} (You found it on level 3 of the Lair of Beasts)
 16782 | Lair:4   | Reached skill level 10 in Crossbows
 17155 | Lair:4   | Received a gift from Trog
 17527 | Lair:4   | Found a staircase to the Shoals.
 18043 | Lair:5   | Noticed an eight-headed hydra
 18049 | Lair:5   | Killed an eight-headed hydra
 18351 | Lair:5   | Noticed a five-headed hydra
 18365 | Lair:5   | Killed a five-headed hydra
 18535 | Lair:5   | Noticed a five-headed hydra
 18543 | Lair:5   | Killed a five-headed hydra
 18956 | Lair:5   | Found a runed door.
 18956 | Lair:5   | Found a viscous altar of Jiyva.
 18956 | Lair:5   | Found a staircase to the Slime Pits.
 18966 | Lair:5   | Reached XP level 14. HP: 96/96 MP: 17/17
 18967 | Lair:5   | Received a gift from Trog
 19231 | Lair:6   | Entered Level 6 of the Lair of Beasts
 19406 | Lair:5   | Reached skill level 10 in Dodging
 19755 | Lair:6   | Received a gift from Trog
 21770 | Lair:6   | Received a gift from Trog
 22050 | D:12     | Reached skill level 15 in Fighting
 22297 | D:12     | Reached skill level 1 in Long Blades
 22641 | D:12     | Got a slimy cloak
 22907 | D:13     | Identified the +0 cloak "Sojo" {Dex+4} (You found it on level 12 of the Dungeon)
 23017 | D:13     | Found Aquimibo's Demolitions Depot.
 23214 | D:13     | Received a gift from Trog
 24015 | D:14     | Cast into level 2 of the Abyss (a wizard)
 24508 | Abyss:2  | Noticed a tentacled starspawn
 24657 | Abyss:2  | Noticed a lich
 24802 | Abyss:2  | Reached XP level 15. HP: 103/103 MP: 15/15
 24839 | Abyss:2  | Found a corrupted altar of Lugonu.
 25186 | Abyss:2  | Received a gift from Trog
 25206 | Abyss:2  | Reached skill level 5 in Long Blades
 25316 | Abyss:2  | Noticed a tentacled starspawn
 25350 | Abyss:2  | Killed a tentacled starspawn
 25360 | D:14     | Escaped the Abyss
 25365 | D:14     | HP: 3/103 [wizard/stone arrow (29)]
 25652 | D:13     | Cast into level 2 of the Abyss (a wizard)
 25886 | Abyss:2  | Found a corrupted altar of Lugonu.
 25930 | Abyss:2  | Noticed a tentacled starspawn
 26024 | Abyss:2  | Gained mutation: You are frail. (-10% HP) [a neqoxec]
 26129 | Abyss:2  | Noticed an angel
 26298 | Abyss:2  | Noticed a tentacled starspawn
 26313 | Abyss:2  | Killed a tentacled starspawn
 26368 | Abyss:2  | Noticed a tentacled starspawn
 26378 | Abyss:2  | Killed a tentacled starspawn
 26491 | Abyss:2  | Noticed a tentacled starspawn
 26510 | Abyss:2  | Noticed a revenant
 26779 | Abyss:2  | Gained mutation: Your body sometimes deteriorates upon taking damage. [a neqoxec]
 26886 | Abyss:2  | Noticed a tentacled starspawn
 26898 | Abyss:2  | Killed a tentacled starspawn
 26901 | D:13     | Escaped the Abyss
 28022 | D:13     | Lost mutation: Your body sometimes deteriorates upon taking damage. [potion of mutation]
 28022 | D:13     | Lost mutation: You are frail. (-10% HP) [potion of mutation]
 28022 | D:13     | Gained mutation: You have a beak for a mouth. [potion of mutation]
 28022 | D:13     | Gained mutation: Your mind is acute. (Int +2) [potion of mutation]
 28644 | D:14     | Identified a scroll of acquirement
 29762 | D:14     | Found a gate to the Vaults.
 29778 | D:14     | Reached skill level 10 in Long Blades
 29785 | D:14     | Mangled by a white ugly thing

Skill      XL: |  1  2  3  4  5  6  7  8  9 10 11 12 13 14 15 |
---------------+----------------------------------------------+-----
Stealth        | 1 2 |  2.4
Armour         | 2 3 4 5 6 8 |  8.1
Dodging        | 3 4 5 6 8 9 11 | 11.0
Fighting       | 4 5 6 7 9 11 14 15 | 15.0
Short Blades   | 5 6 7 9 10 12 | 12.8
Shields        | 3 5 6 |  6.5
Evocations     | 5 |  5.2
Crossbows      | 2 10 | 10.0
Long Blades    | 4 10 | 10.0

Action                   |  1- 3 |  4- 6 |  7- 9 | 10-12 | 13-15 || total
-------------------------+-------+-------+-------+-------+-------++-------
Melee: Short sword       |    67 |   181 |   512 |   739 |   862 ||  2361
       Scimitar          |       |       |       |       |   443 ||   443
       Peck              |       |       |       |       |    42 ||    42
       Quick blade       |       |       |       |       |    26 ||    26
 Fire: Hand crossbow     |       |       |       |    17 |   344 ||   361
Throw: Stone             |       |    14 |    11 |    25 |       ||    50
       Throwing net      |       |       |       |       |     1 ||     1
Invok: Berserk           |     4 |     9 |    15 |    21 |    36 ||    85
       Trog's Hand       |       |     1 |     5 |     1 |    25 ||    32
       Brothers in Arms  |       |       |       |       |     6 ||     6
Evoke: Wand              |       |       |       |     6 |       ||     6
  Use: Scroll            |       |     1 |     1 |    15 |    30 ||    47
       Potion            |       |       |       |       |    15 ||    15
 Stab: Sleeping          |     2 |       |       |     6 |       ||     8
       Distracted        |       |       |       |     2 |     2 ||     4
  Eat: Chunk             |    10 |    17 |    26 |    39 |    73 ||   165
       Ration            |       |       |       |       |    15 ||    15
Armor: Animal skin       |     8 |    15 |       |       |       ||    23
       Chain mail        |       |    25 |   134 |       |       ||   159
       Ring mail         |       |       |     1 |    90 |   295 ||   386
       Leather armour    |       |       |       |     6 |       ||     6
Dodge: Dodged            |    61 |    95 |   160 |   254 |   642 ||  1212
Block: Shield            |       |       |    98 |   176 |   526 ||   800
       Rpst.: Scimitar   |       |       |       |       |    46 ||    46
